Map: Ever Dream LE

Players

Asuna

  • Race: Protoss Protoss
  • League: Master
  • Spawn Location: 1:00

MaSa - Winner!

  • Race: Terran Terran
  • League: Master
  • Spawn Location: 7:00

Event: DreamHack SC2 Masters 2020 Fall

VOD

Have the link to the VOD?

Description

Time

  • Played on: Sept. 1, 2020, 7:01 p.m.
  • Length: 19:02

All games in this series

Show
View Real Time Build Order
Export as new Build Order

Asuna Protoss 

Build Orders: 1 Gate Expand, Blink Stalkers 

Get SALT Encoding   

  12  0:00  Probe  
  13  0:12  Probe  
  14  0:17  Pylon  
  14  0:24  Probe  
  15  0:36  Probe (Chrono Boost)  
  15  0:37  Gateway  
  16  0:46  Probe (Chrono Boost), Assimilator  
  17  0:51  Probe (Chrono Boost)  
  18  1:03  Probe  
  19  1:15  Probe  
  20  1:24  Cybernetics Core  
  20  1:33  Nexus  
  20  1:37  Probe  
  21  1:43  Pylon  
  21  1:49  Probe  
  21  1:52  Assimilator  
  22  2:01  Adept (Chrono Boost)  
  22  2:03  Probe  
  24  2:15  Warp Gate  
  24  2:16  Probe  
  24  2:22  Stalker (Chrono Boost)  
  25  2:28  Probe  
  28  2:40  Probe  
  28  2:43  Twilight Council  
  29  2:48  Stalker  
  31  2:52  Probe (Chrono Boost)  
  33  3:00  Probe (Chrono Boost)  
  33  3:04  Probe (Chrono Boost)  
  34  3:08  Shield Battery  
  34  3:09  Probe x2 (Chrono Boost)  
  36  3:18  Probe  
  36  3:19  Probe  
  38  3:20  Gateway  
  37  3:30  Probe  
  37  3:31  Probe  
  38  3:39  Blink (Chrono Boost)  
  35  3:42  Probe  
  35  3:44  Probe  
  35  3:46  Robotics Facility  
  37  3:55  Probe  
  38  3:56  Probe  
  38  3:58  Pylon  
  39  4:03  Sentry  
  39  4:07  Probe  
  39  4:08  Probe  
  43  4:13  Pylon  
  43  4:15  Stalker  
  45  4:19  Probe  
  45  4:20  Probe, Shield Battery  
  47  4:27  Stalker  
  47  4:31  Probe  
  50  4:32  Probe  
  50  4:33  Pylon  
  50  4:36  Observer (Chrono Boost)  
  52  4:43  Gateway  
  52  4:45  Gateway  
  52  4:48  Forge  
  52  4:49  Probe x2  
  52  4:50  Observer (Chrono Boost)  
  52  4:52  Assimilator  
  55  4:57  Stalker  
  57  5:10  Nexus  
  58  5:14  Observer  
  58  5:17  Pylon  
  58  5:18  Protoss Ground Weapons Level 1 (Chrono Boost)  
  58  5:19  Observer  
  58  5:20  Probe  
  59  5:21  Assimilator  
  59  5:22  Probe  
  60  5:29  Pylon  
  60  5:37  Robotics Bay  
  60  5:38  Probe  
  60  5:41  Observer  
  61  5:43  Probe  
  62  5:50  Probe, Stalker x2  
  62  5:53  Zealot x2  
  69  6:11  Probe x2  
  57  6:26  Probe x2  
  57  6:27  Probe  
  57  6:30  Pylon  
  57  6:32  Photon Cannon  
  60  6:38  Probe x2  
  61  6:41  Charge  
  61  6:45  Gateway  
  61  6:47  Gateway  
  61  6:50  Gateway  
  61  6:51  Gateway  
  61  7:05  Colossus (Chrono Boost)  
  61  7:08  Zealot x2  
  71  7:10  Probe (Chrono Boost)  
  71  7:11  Probe x2 (Chrono Boost)  
  74  7:19  Protoss Ground Weapons Level 2 (Chrono Boost)  
  74  7:22  Probe x2 (Chrono Boost)  
  77  7:23  Probe (Chrono Boost)  
  77  7:27  Probe x3 (Chrono Boost)  
  81  7:37  Probe x3  
  81  7:41  Observer  
  81  7:43  Stalker x2  
  86  7:52  Colossus (Chrono Boost)  
  86  7:55  Probe  
  86  7:56  Probe  
  86  7:57  Probe  
  95  8:05  Pylon  
  95  8:08  Probe  
  95  8:10  Extended Thermal Lance (Chrono Boost)  
  96  8:17  Sentry  
  98  8:20  Zealot x4  
  98  8:22  Probe  
  98  8:25  Assimilator  
  98  8:26  Probe  
  98  8:27  Probe  
  109  8:41  Pylon  
  109  8:43  Pylon, Colossus (Chrono Boost)  
  109  8:45  Sentry  
  117  8:50  Pylon  
  117  8:54  Pylon  
  117  8:55  Pylon  
  117  8:59  Zealot x3  
  123  9:04  Shield Battery  
  123  9:18  Zealot x4  
  123  9:22  Zealot  
  133  9:24  Zealot, Colossus (Chrono Boost)  
  133  9:28  Pylon  
  141  9:32  Zealot  
  141  9:33  Zealot  
  133  9:40  Zealot  
  133  9:45  Zealot x4  
  121  9:49  Zealot  
  123  9:56  Templar Archives  
  123  10:00  Zealot x3  
  123  10:05  Zealot  
  123  10:06  Zealot  
  121  10:09  Zealot  
  121  10:10  Zealot  
  121  10:13  Zealot  
  105  10:21  Stalker x2  
  93  10:29  Probe x3  
  93  10:30  Assimilator  
  96  10:42  Pylon, Photon Cannon, High Templar x4  
  104  10:43  High Templar x2  
  104  10:44  Sentry  
  104  10:46  Archon  
  104  10:48  Archon x2  
  110  10:50  Protoss Ground Weapons Level 3 (Chrono Boost)  
  110  10:55  Stalker  
  112  11:08  Pylon  
  112  11:10  Shield Battery  
  112  11:12  Pylon  
  112  11:15  Stalker x3  
  117  11:21  Zealot x2  
  117  11:22  Zealot  
  123  11:35  Pylon  
  123  11:37  Zealot x2  
  117  11:46  Zealot x5  
  123  11:51  Zealot  
  123  11:54  Colossus (Chrono Boost)  
  111  12:00  Zealot  
  111  12:01  Zealot  
  105  12:12  Nexus  
  105  12:16  Pylon  
  105  12:19  Sentry  
  105  12:20  Sentry  
  105  12:21  High Templar x2  
  105  12:22  High Templar  
  115  12:23  High Templar  
  115  12:27  Archon  
  115  12:28  Archon, High Templar x2  
  121  12:34  Archon  
  121  12:37  Gateway  
  121  12:42  Photon Cannon  
  121  12:43  Shield Battery  
  121  12:45  Colossus (Chrono Boost)  
  127  12:55  Stalker  
  127  13:01  Stalker  
  125  13:07  Stalker x2  
  123  13:15  Robotics Facility  
  123  13:20  Unknown  
  123  13:22  Zealot  
  123  13:23  Pylon  
  125  13:27  Shield Battery  
  125  13:29  Disruptor (Chrono Boost)  
  125  13:32  Probe x3  
  131  13:40  Dark Shrine  
  129  13:41  Zealot  
  129  13:42  Zealot  
  133  13:52  High Templar x2  
  133  13:53  Zealot x3  
  143  13:56  Archon  
  143  13:57  Disruptor (Chrono Boost)  
  146  14:03  High Templar  
  146  14:04  High Templar  
  146  14:05  Zealot  
  146  14:09  Zealot  
  154  14:12  Archon  
  146  14:18  Zealot x3  
  141  14:25  Zealot x3  
  141  14:30  Forge  
  139  14:36  Zealot x2  
  139  14:37  Forge  
  139  14:38  Zealot  
  142  14:41  Zealot  
  134  14:52  Stalker, Zealot x2  
  108  15:02  Probe  
  108  15:03  Probe x2  
  108  15:04  Probe  
  111  15:15  Probe  
  112  15:22  Colossus (Chrono Boost)  
  112  15:28  High Templar x6  
  126  15:32  Archon x3  
  126  15:34  Pylon  
  126  15:35  High Templar x2  
  134  15:39  Colossus (Chrono Boost)  
  134  15:40  Archon  
  134  15:42  Zealot  
  137  16:00  Stalker  
  137  16:01  Stalker x2  
  135  16:09  Colossus  
  128  16:13  Probe  
  128  16:15  Dark Templar  
  109  16:27  Dark Templar  
  109  16:28  Dark Templar  
  109  16:30  Probe x2  
  115  16:33  Probe  
  117  16:42  Probe  
  117  16:45  Stalker  
  107  17:01  Stalker x3  
  113  17:25  Stalker x4  
  52  17:55  Zealot, High Templar  
  52  17:58  High Templar  
  58  17:59  Zealot x3  
  58  18:05  Archon  
  64  18:10  Zealot x3  
  70  18:15  Pylon  
  70  18:33  Stalker x2  
  71  18:37  Stalker  
  51  18:55  Zealot x2  
  51  18:56  Zealot  
Show
View Real Time Build Order
Export as new Build Order

MaSa Terran - Winner!

Build Orders: Banshee Rush 

Get SALT Encoding   

  12  0:00  SCV  
  13  0:12  SCV  
  14  0:16  Supply Depot  
  14  0:24  SCV  
  15  0:38  SCV  
  15  0:39  Barracks  
  16  0:43  Refinery  
  16  0:50  SCV  
  16  0:52  Refinery  
  17  1:02  SCV  
  18  1:05  Supply Depot  
  18  1:14  SCV  
  19  1:26  Reaper  
  19  1:29  Orbital Command  
  20  1:43  Factory  
  20  1:56  SCV  
  20  1:58  Reaper  
  22  2:08  SCV  
  23  2:20  SCV  
  24  2:27  Hellion  
  26  2:32  SCV  
  26  2:33  Barracks Reactor, Command Center  
  27  2:44  Starport  
  27  2:50  Supply Depot  
  27  2:51  SCV  
  27  2:53  Factory Tech Lab  
  28  3:09  Marine x2  
  28  3:11  SCV  
  31  3:21  Factory Tech Lab  
  29  3:28  Marine x2  
  29  3:30  SCV  
  31  3:38  Banshee  
  31  3:39  Cloaking Field  
  32  3:43  SCV  
  32  3:46  Marine  
  32  3:48  Bunker, Siege Tank  
  37  3:56  Orbital Command  
  37  4:00  SCV  
  37  4:02  Marine  
  38  4:06  Marine  
  40  4:12  SCV  
  41  4:20  Siege Tank  
  41  4:22  SCV  
  41  4:24  Marine x2  
  46  4:29  Banshee  
  50  4:34  SCV  
  50  4:36  SCV, Supply Depot  
  52  4:46  SCV  
  52  4:48  SCV  
  52  4:49  Supply Depot  
  54  4:57  Command Center  
  54  4:59  SCV  
  55  5:05  SCV  
  55  5:06  Siege Tank  
  59  5:11  SCV  
  60  5:17  SCV, Supply Depot  
  61  5:22  Barracks  
  61  5:23  Starport Tech Lab  
  61  5:25  Barracks  
  61  5:26  SCV  
  62  5:30  SCV  
  62  5:31  Engineering Bay  
  62  5:32  Refinery  
  63  5:37  Stimpack, Marine  
  63  5:38  SCV  
  65  5:44  SCV  
  65  5:49  Siege Tank  
  69  5:50  SCV, Starport Reactor  
  69  5:56  SCV  
  71  6:02  SCV  
  72  6:08  SCV  
  72  6:10  Missile Turret, Refinery  
  73  6:12  Orbital Command  
  73  6:14  SCV  
  74  6:20  SCV  
  74  6:23  Marine x2  
  74  6:24  Marauder  
  74  6:25  Siege Tank  
  82  6:27  SCV  
  82  6:30  Terran Infantry Weapons Level 1  
  82  6:32  SCV  
  84  6:39  SCV  
  82  6:46  Marine x2  
  88  6:47  Marauder x2  
  88  6:49  Barracks  
  88  6:50  Barracks  
  88  6:51  SCV  
  88  6:53  Supply Depot  
  89  6:55  Supply Depot  
  89  6:56  SCV  
  89  6:59  Siege Tank  
  93  7:06  Orbital Command  
  93  7:14  SCV x2, Medivac, Marine x2  
  93  7:15  Marauder  
  101  7:16  Supply Depot  
  101  7:17  Supply Depot, Marauder, Refinery  
  103  7:25  Concussive Shells, Combat Shield  
  103  7:26  SCV x2  
  103  7:28  Missile Turret x2  
  103  7:29  Medivac  
  107  7:32  SCV  
  107  7:34  Marine  
  109  7:38  SCV  
  109  7:41  Marine  
  109  7:42  Barracks Reactor, Barracks Tech Lab  
  109  7:43  Marauder x2  
  115  7:44  Medivac  
  115  7:45  SCV  
  118  7:51  SCV  
  118  7:52  SCV, Supply Depot  
  118  7:56  Marine  
  118  7:57  SCV  
  122  7:59  Siege Tank  
  125  8:08  Supply Depot  
  125  8:10  Supply Depot  
  125  8:14  SCV, Medivac, Marauder  
  125  8:15  Marauder, Marine  
  133  8:24  Bunker  
  133  8:26  Supply Depot, Terran Infantry Armor Level 1  
  133  8:30  SCV, Medivac, Marauder, Marine  
  133  8:31  Siege Tank  
  133  8:33  Supply Depot  
  142  8:34  Marine x3  
  145  8:45  Marauder x2  
  145  8:47  Medivac  
  145  8:48  Marine  
  152  8:49  Supply Depot  
  152  8:52  Supply Depot, Marauder, Marine  
  152  8:53  Marine  
  156  9:01  Marine  
  157  9:04  Siege Tank  
  157  9:06  Marauder x2  
  161  9:21  Marauder, Marine x4  
  167  9:27  Marauder, Marine  
  170  9:36  Siege Tank  
  166  9:39  Marine x4  
  166  9:43  Marauder  
  161  9:45  SCV x2, Marauder  
  161  9:46  SCV  
  161  9:48  Marine  
  161  9:50  Viking x2  
  168  9:57  Marine x3  
  171  10:04  Marauder  
  171  10:07  Marauder x2, Marine  
  164  10:08  Siege Tank  
  148  10:14  Marine x2  
  148  10:15  Marine  
  148  10:16  SCV x3  
  148  10:20  Viking  
  143  10:24  Marine  
  143  10:25  Marauder  
  143  10:28  Marauder x2  
  140  10:29  SCV x2  
  140  10:30  SCV  
  143  10:42  Armory  
  143  10:44  Engineering Bay  
  143  10:47  Marauder  
  143  10:48  Marine x3  
  143  10:49  Marauder x2, Command Center  
  151  11:04  Marine  
  151  11:06  Viking x2, Marine  
  151  11:07  SCV x3  
  151  11:08  Marauder  
  151  11:09  Refinery  
  151  11:10  Marine x2  
  151  11:11  Marauder x2  
  168  11:21  Siege Tank  
  168  11:22  Marine  
  168  11:24  Marine  
  173  11:27  Marine  
  173  11:28  Marine  
  173  11:30  Marauder  
  173  11:32  Marauder x2  
  176  11:39  Viking x2  
  158  11:40  Marine  
  158  11:41  Marine  
  145  11:49  Marine  
  145  11:51  Marauder, Marine  
  145  11:53  Siege Tank  
  145  11:54  Marauder x2  
  142  11:57  Marine  
  142  11:59  Marine  
  133  12:07  Marine  
  117  12:09  Medivac x2, Marine  
  117  12:11  Terran Infantry Armor Level 2, Terran Infantry Weapons Level 2  
  117  12:12  Marauder  
  117  12:15  Marauder x2, Marine  
  128  12:17  Terran Ship Weapons Level 1, Marine  
  128  12:20  Starport  
  130  12:25  Planetary Fortress  
  130  12:26  Missile Turret  
  130  12:30  Marine x2  
  130  12:34  Marauder  
  130  12:35  Unknown, Marine x2  
  130  12:36  Marauder  
  138  12:38  Siege Tank  
  138  12:40  Sensor Tower  
  138  12:42  Medivac  
  138  12:43  Medivac  
  145  12:52  Command Center  
  145  13:00  Marauder x2, Marine x4  
  145  13:01  Marauder  
  154  13:10  Liberator  
  154  13:18  Marine x3, Barracks x2  
  154  13:19  Barracks  
  157  13:20  Siege Tank  
  157  13:22  Marauder x3  
  166  13:31  Medivac x2  
  166  13:32  Marine  
  171  13:35  Ghost Academy  
  171  13:43  Marauder x2, Marine x2  
  171  13:44  Marauder  
  179  13:50  Marine x2  
  179  13:52  Siege Tank  
  184  13:58  Liberator  
  184  14:00  Liberator  
  184  14:01  Marine x2  
  192  14:04  Marauder  
  192  14:05  Marauder x2  
  192  14:07  Marine  
  192  14:08  Marine  
  200  14:15  Marine  
  189  14:24  Marine x2  
  189  14:26  Marauder x2  
  189  14:27  Marauder  
  189  14:29  Marine x2  
  189  14:34  Medivac, Marine  
  174  14:41  Medivac  
  161  14:46  Marine x2  
  161  14:47  Marauder x2, Marine x2  
  161  14:48  Marauder, Siege Tank  
  161  14:49  SCV x2  
  147  15:03  SCV x2  
  141  15:09  Marauder x3  
  141  15:11  Command Center  
  147  15:14  Marine  
  147  15:15  Marine x2  
  147  15:16  Barracks Reactor, Barracks Tech Lab x2  
  147  15:17  Medivac x2  
  154  15:22  Terran Infantry Weapons Level 3  
  154  15:23  Terran Infantry Armor Level 3  
  154  15:28  Terran Ship Weapons Level 2  
  154  15:29  Liberator  
  154  15:30  Marauder x2  
  154  15:31  Marauder  
  154  15:33  Marine x2  
  165  15:41  Marauder x2, Marine x2  
  171  15:47  Liberator  
  171  15:48  Fusion Core  
  174  15:51  Marauder, Marine, Liberator  
  174  15:52  Marauder x2, Marine x2  
  186  16:02  Siege Tank  
  186  16:09  Marauder x2, Marine  
  191  16:13  Marauder  
  191  16:14  Marauder, Marine x2, Liberator  
  200  16:21  Ghost, Marine  
  180  16:33  Planetary Fortress  
  180  16:34  Command Center, Siege Tank  
  180  16:35  Command Center  
  180  16:37  Medivac x2  
  176  16:40  Marauder, Missile Turret, Marine  
  176  16:45  Ghost  
  176  16:46  Marine x2  
  165  16:57  Medivac  
  167  17:05  Marine x4  
  167  17:06  Marauder, Marine  
  174  17:12  Marauder x2, Missile Turret, Marine x2  
  174  17:15  Refinery  
  180  17:16  Medivac x2  
  180  17:19  Refinery  
  170  17:31  Marauder x2, Marine x2, Siege Tank  
  170  17:36  Marauder, Marine x2  
  160  17:37  SCV  
  160  17:39  SCV x3  
  160  17:40  Marauder, Marine  
  154  17:47  Orbital Command  
  155  17:51  SCV x3  
  157  18:00  Marauder x2, Marine x2  
  163  18:05  Planetary Fortress  
  163  18:16  Missile Turret  
  163  18:20  Marauder x3, Marine x4  
  163  18:21  Siege Tank  
  178  18:30  SCV, Missile Turret  
  178  18:32  Marine x2  
  180  18:38  SCV x3  
  180  18:39  SCV, Marine x2  

Tags
 
Add a new tag
Caveats
  • Supply blocks, unpowered buildings, or Contaminate may cause inaccurate times.
  • Supply counts are checked every 10 seconds.